 Dungeon Sprint DCSS version 0.21.1-1-g345015f (webtiles) character file.

515 Fang the Fighter (level 7, -9/52 HPs)
             Began as a Gargoyle Berserker on June 11, 2018.
             Was an Elder of Trog.
             Mangled by a troll (11 damage)
             ... in the Dungeon (Sprint IX: "|||||||||||||||||||||||||||||").
             The game lasted 00:00:55 (242 turns).

Fang the Fighter (Gargoyle Berserker)                Turns: 242, Time: 00:00:55

Health: -9/52      AC:  9    Str: 22    XL:     7   Next: 20%
Magic:  7/7        EV: 14    Int:  8    God:    Trog [****..]
Gold:   0          SH:  0    Dex:  9    Spells: 6/6 levels left

rFire    . . .     SeeInvis .   n - +3 war axe (chop)
rCold    . . .     Gourm    .   (no shield)
rNeg     + . .     Faith    .   b - +0 animal skin
rPois    ∞         Spirit   .   (no helmet)
rElec    +         Reflect  .   (no cloak)
rCorr    .         Harm     .   (no gloves)
MR       .....     NoTele   +   (no boots)
Stlth    +.........             (no amulet)
HPRegen  0.17/turn              p - +2 ring of protection
MPRegen  0.10/turn              (no ring)

@: berserk cooldown, slowed, very slow
A: negative energy resistance 1, electricity resistance, unbreathing,
petrification resistance, rot immunity, AC +4
a: Berserk, Trog's Hand, Brothers in Arms, Burn Spellbooks, Renounce Religion


You were in the Dungeon.
You worshipped Trog.
Trog was greatly pleased with you.
You were not hungry.

You visited 1 branch

Inventory:

Hand Weapons
 a - a +0 hand axe
 n - a +3 war axe of chopping (weapon)
Armour
 b - a +0 animal skin (worn)
Jewellery
 o - a +2 ring of protection
 p - a +2 ring of protection (left hand)
Wands
 m - a wand of iceblast (10)
Scrolls
 i - 2 scrolls of blinking
 l - 3 scrolls of remove curse
Potions
 d - 2 potions of curing
 e - 2 potions of heal wounds
 f - a potion of haste
 g - 4 potions of magic
 h - a potion of berserk rage
 k - a potion of invisibility
Comestibles
 c - a ration


   Skills:
 + Level 10.0 Fighting
 + Level 9.4 Axes
 + Level 4.8 Armour
 + Level 5.4 Dodging


You had 6 spell levels left.
You didn't know any spells.

Dungeon Overview and Level Annotations

Branches:
Dungeon (1/1)

Altars:
Cheibriados
Dithmenos
Elyvilon
Fedhas
Gozag
Hepliaklqana
Kikubaaqudgha
Makhleb
Nemelex Xobeh
Okawaru
Qazlal
Ru
Sif Muna
Trog
Uskayaw
Vehumet
Wu Jian
Xom
Yredelemnul
Zin
The Shining One
Beogh
Jiyva
Lugonu


Innate Abilities, Weirdness & Mutations

You are resistant to torment.
Your stone body is resilient. (AC +4)
You are immune to poison.
You resist negative energy. (rN+)
You are resistant to electric shocks. (rElec)
You can survive without breathing.
You are immune to petrification.
You are immune to rotting.


Message History

* * * LOW HITPOINT WARNING * * *
The troll barely misses you.
You are too injured to fight recklessly!
You barely miss the troll. The troll bites you.
* * * LOW HITPOINT WARNING * * *
The troll completely misses you. The troll barely misses you.
The troll bites you but does no damage. The troll claws you.
* * * LOW HITPOINT WARNING * * *
The troll claws you.
* * * LOW HITPOINT WARNING * * *
All of the chunks of flesh in your inventory have rotted away.
You slash the troll!
The troll is heavily wounded.
The troll misses you. The troll completely misses you.
The troll claws you but does no damage.
Unknown command.
You closely miss the troll.
The troll is moderately wounded.
The troll bites you!
You die... ▓▓▓▓▓▓▓▓▓▓▓▓▓▓▓▓▓▓▓▓▓▓▓▓ ....hyT@.[[[)|?.'_______ ▓▓▓▓▓▓▓▓▓▓▓▓▓▓▓▓▓▓▓▓▓▓▓▓

You could see a troll, a howler monkey and a killer bee.

Vanquished Creatures
  A hornet (D)
  A hungry ghost (D)
  An ogre (D)
  A bullfrog (D)
  A hound (D)
  A dart slug (D)
  An orc (D)
  A giant cockroach (D)
  2 bats (D)
  A frilled lizard (D)
  A kobold (D)
  A quokka skeleton (D)
13 creatures vanquished.

Notes
Turn   | Place    | Note
-------+----------+-------------------------------------------
     0 | D        | Fang the Gargoyle Berserker began the quest for the Orb.
     0 | D        | Reached XP level 1. HP: 14/14 MP: 1/1
    10 | D        | Reached ** piety under Trog
    14 | D        | Reached skill level 4 in Fighting
    27 | D        | Noticed an ogre
    27 | D        | Noticed a hound
    32 | D        | Killed a hound
    32 | D        | Reached *** piety under Trog
    32 | D        | Reached skill level 5 in Fighting
    32 | D        | Reached XP level 2. HP: 17/21 MP: 2/2
    32 | D        | Reached XP level 3. HP: 22/26 MP: 3/3
    38 | D        | Killed an ogre
    38 | D        | Reached skill level 7 in Fighting
    38 | D        | Reached XP level 4. HP: 30/34 MP: 4/4
    38 | D        | Reached XP level 5. HP: 33/38 MP: 5/5
   161 | D        | Found a roughly hewn altar of Beogh.
   161 | D        | Found a snail-covered altar of Cheibriados.
   161 | D        | Found a shadowy altar of Dithmenos.
   161 | D        | Found a white marble altar of Elyvilon.
   161 | D        | Found a blossoming altar of Fedhas.
   161 | D        | Found an opulent altar of Gozag.
   162 | D        | Found a hazy altar of Hepliaklqana.
   163 | D        | Found a viscous altar of Jiyva.
   164 | D        | Found an ancient bone altar of Kikubaaqudgha.
   165 | D        | Found a corrupted altar of Lugonu.
   166 | D        | Found a burning altar of Makhleb.
   167 | D        | Found a sparkling altar of Nemelex Xobeh.
   168 | D        | Found an iron altar of Okawaru.
   169 | D        | Found a stormy altar of Qazlal.
   170 | D        | Found a sacrificial altar of Ru.
   171 | D        | Found a deep blue altar of Sif Muna.
   172 | D        | Found a bloodstained altar of Trog.
   173 | D        | Found a hide-covered altar of Uskayaw.
   174 | D        | Found a radiant altar of Vehumet.
   175 | D        | Found an ornate altar of the Wu Jian Council.
   176 | D        | Found a shimmering altar of Xom.
   177 | D        | Found a basalt altar of Yredelemnul.
   178 | D        | Found a glowing silver altar of Zin.
   179 | D        | Found a glowing golden altar of the Shining One.
   196 | D        | Found the +4 arc blade {discharge, rElec}
   206 | D        | Noticed a troll
   206 | D        | Noticed a hornet
   206 | D        | Noticed a hungry ghost
   220 | D        | Killed a hungry ghost
   220 | D        | Reached **** piety under Trog
   220 | D        | Reached skill level 8 in Fighting
   220 | D        | Reached XP level 6. HP: 45/45 MP: 6/6
   233 | D        | Killed a hornet
   233 | D        | Reached skill level 9 in Fighting
   233 | D        | Reached skill level 5 in Dodging
   233 | D        | Reached XP level 7. HP: 27/52 MP: 7/7
   235 | D        | Reached skill level 10 in Fighting
   238 | D        | HP: 2/52 [troll (7)]
   242 | D        | Mangled by a troll

Skill      XL: |  1  2  3  4  5  6  7 |
---------------+----------------------+-----
Axes           | 4 6 7 9 |  9.4
Fighting       | 5 7 8 9 10 | 10.0
Armour         | 3 4 |  4.8
Dodging        | 2 3 4 5 |  5.4

Action                   |  1- 3 |  4- 6 |  7- 9 || total
-------------------------+-------+-------+-------++-------
Melee: Hand axe          |    18 |     8 |       ||    26
       War axe           |       |    22 |     7 ||    29
Invok: Berserk           |     1 |     1 |       ||     2
  Use: Potion            |       |     2 |     2 ||     4
  Eat: Chunk             |       |     2 |       ||     2
Armor: Animal skin       |     8 |     9 |     5 ||    22
Dodge: Dodged            |    15 |    22 |    15 ||    52
